 Dungeon Crawl Stone Soup version 0.22-a0-247-gbddf880757 (webtiles) character file.

114 RedPan the Ducker (level 4, -5/35 HPs)
             Began as a Demonspawn Monk on Feb 24, 2018.
             Slain by a gnoll
             ... wielding a +0 halberd
              (7 damage)
             ... on level 2 of the Dungeon.
             The game lasted 00:02:54 (2353 turns).

RedPan the Ducker (Demonspawn Monk)                 Turns: 2353, Time: 00:02:55

Health: -5/35      AC:  2    Str: 12    XL:     4   Next: 66%
Magic:  4/4        EV: 14    Int: 12    God:
Gold:   82         SH:  0    Dex: 15    Spells: 3/3 levels left

rFire    + . .     SeeInvis .   a - +0 falchion
rCold    . . .     Gourm    .   (no shield)
rNeg     . . .     Faith    .   b - +0 robe
rPois    .         Spirit   .   i - +0 hat
rElec    .         Reflect  .   (no cloak)
rCorr    .         Harm     .   (no gloves)
MR       .....                  (no boots)
Stlth    ++........             (no amulet)
HPRegen  0.11/turn              (no ring)
MPRegen  0.09/turn              (no ring)

@: no status effects
A: fire resistance 1, flame cloud immunity
a: no special abilities


You were on level 2 of the Dungeon.
You were not hungry.

You visited 1 branch of the dungeon, and saw 2 of its levels.

You collected 82 gold pieces.

Inventory:

Hand Weapons
 a - a +0 falchion (weapon)
Armour
 b - a +0 robe (worn)
 i - a +0 hat (worn)
Scrolls
 d - a scroll of enchant armour {unknown}
 g - a scroll of noise {unknown}
 h - 2 scrolls of random uselessness {unknown}
 j - a scroll of fog {unknown}
 m - a scroll of identify {unknown}
 n - a scroll of remove curse {unknown}
Potions
 e - a potion of brilliance {unknown}
 k - a potion of degeneration {unknown}
Comestibles
 c - 3 rations
 f - 2 chunks of flesh


   Skills:
 - Level 3.0 Fighting
 + Level 3.5 Long Blades
 + Level 2.1 Armour
 + Level 3.6 Dodging
 - Level 1.7 Stealth


You had 3 spell levels left.
You didn't know any spells.

Dungeon Overview and Level Annotations

Branches:
Dungeon (2/15)

Altars:


Innate Abilities, Weirdness & Mutations

Your flesh is heat resistant. (rF+)
You are immune to clouds of flame.


Message History

The gnoll is moderately wounded.
The gnoll hits you with a halberd!
* * * LOW HITPOINT WARNING * * *
You hit the gnoll.
The gnoll is moderately wounded.
The gnoll closely misses you.
You hit the gnoll.
The gnoll is heavily wounded.
The gnoll hits you with a halberd!
* * * LOW HITPOINT WARNING * * *
You closely miss the gnoll.
The gnoll is heavily wounded.
The gnoll completely misses you.
You hit the gnoll.
The gnoll is almost dead.
The gnoll closely misses you.
You hit the gnoll but do no damage.
The gnoll is almost dead.
The gnoll hits you with a halberd!
You die...

.............###....####
.........8...#.........# .
........8.8..#.........##.#
.......8)_.8.#.............
....##..8.8...............#
....##...8....##.##....g...
....##........##.##........
....#######...##g##.......g
##### ######@####.#.... #.#
.# ### #.# .# #.# . #.# #
#.# #.# #.# #.#


You could see a gnoll.

Vanquished Creatures
  Jessica (D:2)
  3 adders (D:2)
  4 dart slugs
  A leopard gecko (D:2)
  3 giant cockroaches
  8 goblins
  9 hobgoblins
  2 jackals (D:2)
  3 kobolds
  A quokka (D:2)
  8 bats
  3 frilled lizards (D:2)
  2 rats (D:1)
48 creatures vanquished.

Notes
Turn   | Place    | Note
-------+----------+-------------------------------------------
     0 | D:1      | RedPan the Demonspawn Monk began the quest for the Orb.
     0 | D:1      | Reached XP level 1. HP: 18/18 MP: 1/1
   189 | D:1      | Gained mutation: Your flesh is heat resistant. (rF+) [demonic ancestry]
   189 | D:1      | Reached XP level 2. HP: 19/24 MP: 2/2
   240 | D:1      | Reached skill level 1 in Armour
   258 | D:1      | HP: 1/24 [hobgoblin/club (3)]
   958 | D:1      | Reached XP level 3. HP: 27/29 MP: 3/3
  1345 | D:2      | Found a faded altar of an unknown god.
  1729 | D:2      | Noticed Jessica
  1748 | D:2      | Gained mutation: You are immune to clouds of flame. [demonic ancestry]
  1748 | D:2      | Reached XP level 4. HP: 7/35 MP: 4/4
  1751 | D:2      | Killed Jessica
  2353 | D:2      | Slain by a gnoll

Vault maps used:
D:1:      doesnt_arrival_eight_statues
D:2:      chequers_ecumenical_altar_simple_redux, uniq_jessica

Skill      XL: |  1  2  3  4 |
---------------+-------------+-----
Dodging        | 3 |  3.6
Armour         | 1 2 |  2.1
Long Blades    | 3 |  3.5
Fighting       | |  3.0
Stealth        | |  1.7

Action                   |  1- 3 |  4- 6 || total
-------------------------+-------+-------++-------
Melee: Falchion          |   144 |    37 ||   181
  Use: Potion            |     1 |     1 ||     2
 Stab: Sleeping          |       |     1 ||     1
  Eat: Chunk             |     3 |     2 ||     5
Armor: Robe              |    39 |     5 ||    44
Dodge: Dodged            |   131 |    29 ||   160
       Rpst.: Falchion   |    40 |     9 ||    49

Table legend:
 A = Spawn XP
 B = Non-spawn XP
 C = Spawn XP percentage of total XP
 D = Spawn monster count
 E = Non-spawn monster count
 F = Spawn count percentage of total count
 G = Total turns spent on level
                    A         B        C        D         E        F      G
               +---------+---------+-------+---------+---------+-------+---------
         Total |       0 |     163 |   0.0 |       0 |      48 |   0.0 |  2353
               +---------+---------+-------+---------+---------+-------+---------
           D:1 |       0 |      43 |   0.0 |       0 |      21 |   0.0 |  1222
           D:2 |       0 |     120 |   0.0 |       0 |      27 |   0.0 |  1131
               +---------+---------+-------+---------+---------+-------+---------
